 Dungeon Crawl Stone Soup version 0.20.0-15-g7f486f2 (webtiles) character file.

188 NoAnimeNoLife the Twirler (level 5, 0/46 HPs)
             Began as a Minotaur Gladiator on June 13, 2017.
             Slain by an orc
             ... wielding a +0 hand axe
              (6 damage)
             ... on level 3 of the Dungeon.
             The game lasted 00:03:12 (1868 turns).

NoAnimeNoLife the Twirler (Minotaur Gladiator)      Turns: 1868, Time: 00:03:13

Health: 0/46       AC:  8    Str: 19    XL:     5   Next: 39%
Magic:  4/4        EV:  8    Int:  5    God:
Gold:   48         SH:  2    Dex: 12    Spells: 4/4 levels left

rFire    + + .     SeeInvis +   a - +0 quarterstaff
rCold    x . .     Gourm    .   (shield currently unavailable)
rNeg     . . .     Faith    .   t - +0 chain mail
rPois    .         Spirit   .   c - +0 hat
rElec    .         Reflect  +   (no cloak)
rCorr    .         Harm     .   (no gloves)
MR       .....                  (no boots)
Stlth    ..........             n - +2 amulet of reflection
Regen    0.2/turn               h - ring of fire
MPRegen  0.1/turn               x - ring of see invisible

@: no status effects
A: retaliatory headbutt, horns 2, blink, fire resistance 1, robust 1
a: Blink


You were on level 3 of the Dungeon.
You were not hungry.

You visited 1 branch of the dungeon, and saw 3 of its levels.

You collected 48 gold pieces.

Inventory:

Hand Weapons
 a - a +0 quarterstaff (weapon)
Missiles
 d - 4 throwing nets (quivered)
 q - 46 stones
Armour
 b - a +0 leather armour
 c - a +0 hat (worn)
 o - a +0 ring mail
 t - a +0 chain mail (worn)
Jewellery
 h - a ring of fire (left hand)
 m - an uncursed amulet of rage
 n - a +2 amulet of reflection (around neck)
 x - a ring of see invisible (right hand)
Wands
 A - a wand of random effects (20/48)
Scrolls
 e - 6 scrolls of identify {unknown}
 g - a scroll of immolation {unknown}
 i - a scroll of amnesia {unknown}
 j - a scroll of blinking {unknown}
 k - a scroll of enchant armour {unknown}
 l - 2 scrolls of magic mapping {unknown}
 s - a scroll of fear {unknown}
 u - a scroll of noise {unknown}
 w - a scroll of remove curse {unknown}
 y - 2 scrolls of fog {unknown}
 C - a scroll of enchant weapon {unknown}
Potions
 p - 3 potions of heal wounds
Comestibles
 f - a bread ration
 z - 2 meat rations


   Skills:
 - Level 2.5 Fighting
 + Level 7.1 Staves
 - Level 2.0 Throwing
 - Level 0.2 Armour
 - Level 3.6 Dodging


You had 4 spell levels left.
You didn't know any spells.

Dungeon Overview and Level Annotations

Branches:
Dungeon (3/15)

Altars:
Gozag
Xom
Zin


Innate Abilities, Weirdness & Mutations

You reflexively headbutt those who attack you in melee.
You have a pair of horns on your head.
You can translocate small distances at will.
Your flesh is heat resistant. (rF+)
You are robust. (+10% HP)


Message History

The orc priest shouts!
The orc shouts!
An orc comes into view. It is wielding a flail.
You see here 12 arrows.
The orc priest calls down the wrath of Beogh upon you.
Beogh smites you!
The orc priest mumbles some strange prayers to Beogh against you.
Beogh smites you! The orc hits you but does no damage.
An orc priest comes into view. It is wielding a short sword.
You are too injured to fight recklessly!
You are too injured to fight recklessly!
You are too injured to fight recklessly!
Okay, then.
The orc priest shouts!
You sock the orc!
You kill the orc!
The orc priest invokes the aid of Beogh against you.
Beogh smites you!
* * * LOW HITPOINT WARNING * * *
You hit the orc but do no damage. The orc hits you with a hand axe.
You die...

#####.#....######...
#...................
..###.##...####.####
### #.##...### #
#........ # ####...###
# #...####
########......#######.#
.........#.##.(.@oo.oo#
##########.############
#)# #.# #.# #.# #.. ###


You could see 2 orc priests and 2 orcs.

Vanquished Creatures
  Purgy (D:3)
  An orc wizard (D:3)
  An adder (D:2)
  A worm (D:2)
  A leopard gecko (D:2)
  6 orcs (D:3)
  3 bats
  2 giant cockroaches (D:2)
  5 goblins
  2 hobgoblins
  3 jackals (D:2)
  6 kobolds
  A quokka (D:2)
  5 frilled lizards
  6 rats
44 creatures vanquished.

Notes
Turn   | Place    | Note
-------+----------+-------------------------------------------
     0 | D:1      | NoAnimeNoLife the Minotaur Gladiator began the quest for the Orb.
     0 | D:1      | Reached XP level 1. HP: 18/18 MP: 0/0
   593 | D:1      | Reached XP level 2. HP: 23/25 MP: 1/1
   737 | D:2      | Reached skill level 4 in Staves
   977 | D:2      | Reached XP level 3. HP: 26/30 MP: 2/2
  1114 | D:2      | Reached skill level 5 in Staves
  1327 | D:2      | Found a shimmering altar of Xom.
  1378 | D:2      | Found a glowing silver altar of Zin.
  1379 | D:2      | Found an opulent altar of Gozag.
  1535 | D:3      | Gained mutation: You can translocate small distances at will. [potion of mutation]
  1535 | D:3      | Gained mutation: Your flesh is heat resistant. (rF+) [potion of mutation]
  1535 | D:3      | Gained mutation: You are robust. (+10% HP) [potion of mutation]
  1540 | D:3      | Reached XP level 4. HP: 35/40 MP: 3/3
  1701 | D:3      | Noticed Purgy
  1723 | D:3      | Killed Purgy
  1723 | D:3      | Reached skill level 7 in Staves
  1723 | D:3      | Reached XP level 5. HP: 21/46 MP: 4/4
  1868 | D:3      | Slain by an orc

Skill      XL: |  1  2  3  4 |
---------------+-------------+-----
Staves         | 4 5 7 |  7.1
Fighting       | |  2.5
Throwing       | |  2.0
Armour         | |  0.2
Dodging        | |  3.6

Action                   |  1- 3 |  4- 6 || total
-------------------------+-------+-------++-------
Melee: Quarterstaff      |    86 |    34 ||   120
       Headbutt          |     9 |     4 ||    13
  Use: Potion            |     4 |     1 ||     5
  Eat: Chunk             |     1 |     2 ||     3
Armor: Leather armour    |     2 |       ||     2
       Chain mail        |    41 |    25 ||    66
       Ring mail         |     2 |       ||     2
Dodge: Dodged            |    37 |    24 ||    61
Block: Other             |     2 |     4 ||     6
       Reflection        |     1 |       ||     1
